Monarchs vs Influenza
Created - November 6, 2020 at 19:11
Goals
|
| Monarchs |
1 |
0 |
1 |
2 |
| Influenza |
3 |
0 |
1 |
4 |
|
Shots
|
| Monarchs |
12 |
4 |
9 |
25 |
| Influenza |
11 |
8 |
6 |
25 |
|
1st period
1. Influenza , Brock Boeser 1 (JT Compher 4, Pavel Zacha 3) at 0:35
2. Influenza , Colton Sissons 2 (Justin Bailey 2, JT Compher 5) at 2:05
3. Monarchs , Nick Ritchie 7 (Zach Werenski 9) at 6:18
4. Influenza , Bo Horvat 4 (Tim Erixon 1, Max Domi 4) at 15:36 (PP)
Penalties :
Zachary Sanford (MAN) for Hooking (Minor) at 15:20
2nd period
No Goal
Penalties :
Lucas Lessio (VJB) for Hooking (Minor) at 8:03, Markus Nutivaara (VJB) for Roughing (Minor) at 10:50, Dmitry Sinitsyn (VJB) for Holding (Minor) at 11:26, Luca Sbisa (VJB) for Tripping (Minor) at 18:35
3rd period
5. Influenza , Iiro Pakarinen 2 (Max Domi 5, Bo Horvat 8) at 14:57
6. Monarchs , Tom Wilson 4 (Tim Schaller 3, Zach Werenski 10) at 15:34
Penalties :
Tom Wilson (MAN) for Hooking (Minor) at 1:37, Nicholas Baptiste (MAN) for Hooking (Minor) at 16:51
Goalie Stats
Jake Allen (MAN), 21 saves from 25 shots - (0.840), L, 2-2-0, 60:00 minutes
Malcolm Subban (VJB), 23 saves from 25 shots - (0.920), W, 4-3-0, 60:00 minutes
Players Stats for Monarchs
Player Name G A P +/- PIM S H SB GA TA FO MP PP MP PK MP
------------------------------------------------------------------------------------
Anthony Cirelli 0 0 0 0 0 1 0 0 0 0 4/12 10:54 2:10 0:16
Brayden Point 0 0 0 -1 0 0 2 0 0 0 6/8 14:57 3:10 0:00
Collin Miller 0 0 0 -1 0 0 0 0 0 1 0/0 12:43 2:09 2:40
Frank Vatrano 0 0 0 0 0 0 1 0 1 0 5/9 16:29 1:03 1:34
Jacob De La Rose 0 0 0 0 0 1 0 0 0 0 1/2 11:40 0:00 2:18
Joel Eriksson Ek 0 0 0 0 0 3 0 0 0 0 2/4 10:41 0:00 0:37
Joonas Lyytinen 0 0 0 -1 0 0 0 2 0 1 0/0 8:13 0:00 1:32
Kurtis Macdermid 0 0 0 0 0 0 0 1 0 0 0/0 8:21 0:00 0:00
Matt Roy 0 0 0 0 0 0 1 0 0 0 0/0 8:21 0:00 0:00
Neal Pionk 0 0 0 -1 0 1 1 0 0 0 0/0 18:59 4:24 0:02
Nicholas Baptiste 0 0 0 0 2 2 2 1 0 0 0/0 9:24 0:00 0:00
Nick Ritchie 1 0 1 -1 0 3 0 0 0 0 1/1 17:09 3:20 0:00
Olli Maatta 0 0 0 1 0 0 4 1 0 1 0/0 24:27 2:09 2:40
Seth Helgeson 0 0 0 -1 0 0 0 1 0 0 0/0 15:58 0:00 1:32
Stefan Matteau 0 0 0 -1 0 1 2 0 0 0 7/15 16:35 0:14 1:47
Tim Schaller 0 1 1 1 0 4 2 1 0 0 0/0 15:41 0:00 1:35
Tom Wilson 1 0 1 1 2 4 0 1 0 0 0/0 17:34 3:11 0:00
Travis Konecny 0 0 0 -1 0 1 1 1 1 0 0/1 19:33 3:20 0:00
Zach Werenski 0 2 2 1 0 2 0 2 1 0 0/0 22:58 4:24 0:02
Zachary Sanford 0 0 0 -1 2 2 3 0 1 1 0/2 15:06 3:11 0:21
Players Stats for Influenza
Player Name G A P +/- PIM S H SB GA TA FO MP PP MP PK MP
------------------------------------------------------------------------------------
Bo Horvat 1 1 2 0 0 5 1 0 0 0 11/24 20:51 2:24 1:23
Brock Boeser 1 0 1 1 0 3 3 0 0 0 0/0 13:49 0:00 0:00
Colton Sissons 1 0 1 0 0 4 1 2 0 1 3/10 15:00 0:00 3:50
Dmitry Sinitsyn 0 0 0 1 2 0 1 1 2 0 0/0 22:16 1:58 2:43
Iiro Pakarinen 1 0 1 0 0 3 1 0 0 0 2/2 20:21 1:50 1:25
JT Compher 0 2 2 1 0 1 1 0 0 1 0/0 15:47 1:50 0:24
Justin Bailey 0 1 1 0 0 1 1 0 0 0 1/1 13:16 2:24 0:00
Luca Sbisa 0 0 0 1 2 0 3 0 2 0 0/0 23:26 2:16 1:39
Lucas Lessio 0 0 0 0 2 1 1 0 0 1 0/0 11:24 0:00 0:44
Markus Nutivaara 0 0 0 0 2 1 2 1 0 0 0/0 19:09 0:00 0:36
Max Domi 0 2 2 0 0 1 3 0 0 0 0/1 19:26 2:24 0:00
Noah Hanifin 0 0 0 0 0 0 0 1 0 0 0/0 14:57 1:58 1:51
Pavel Zacha 0 1 1 1 0 0 2 1 0 0 11/14 16:06 1:50 0:24
Roland McKeown 0 0 0 0 0 3 2 0 0 0 0/0 13:08 0:00 2:25
Ryan Dzingel 0 0 0 0 0 0 1 0 0 0 0/2 11:26 0:00 3:29
Shane Prince 0 0 0 0 0 0 1 0 0 0 0/0 7:15 0:00 0:00
Tim Erixon 0 1 1 0 0 2 1 1 0 1 0/0 27:08 2:16 3:55
Tom Kuhnhackl 0 0 0 0 0 0 3 0 0 0 0/0 7:15 0:00 0:00
3 Stars
1 - Bo Horvat (VJB)
2 - Brock Boeser (VJB)
3 - Max Domi (VJB)
Power Play
Monarchs - 0 on 4 Attempt(s) - 0.00%
Influenza - 1 on 3 Attempt(s) - 33.33%
Penalty Kill
Monarchs - 2 on 3 Attempt(s) - 66.67%
- Score 0 goal in Penalty Kill
Influenza - 4 on 4 Attempt(s) - 100.00%
- Score 0 goal in Penalty Kill
Team Stat
Monarchs - Hits : 19 - Faceoff Wins : 26 - Blocked Shots : 11 - Penalty Minutes : 6
Influenza - Hits : 28 - Faceoff Wins : 28 - Blocked Shots : 7 - Penalty Minutes : 8
Official
Referees : Unknown
Linesman : Unknown
Game Notes
Anthony Cirelli is injured at 14:16 of 2nd period (Head)
Finance
Level 1 -- Attendance: 1434 (71.70%) -- Ticket Income $57,360
Level 2 -- Attendance: 691 (69.10%) -- Ticket Income $13,820
Total Attendance: 2125 (70.83%)
Total Ticket Income: $71,180
Other Income: $3,559
Total Income: $74,739
Monarchs
5 vs 5 Forward
Center Left Wing Right Wing Time % Phy DF OF
1 Anthony Cirelli Tim Schaller Tom Wilson 30 1 2 2
2 Stefan Matteau Nick Ritchie Travis Konecny 30 1 2 2
3 Brayden Point Zachary Sanford Frank Vatrano 25 1 2 2
4 Joel Eriksson Ek Jacob De La Rose Nicholas Baptiste 15 1 3 1
5 vs 5 Defense
Defense Defense Time % Phy DF OF
1 Olli Maatta Zach Werenski 40 1 2 2
2 Neal Pionk Seth Helgeson 35 1 2 2
3 Collin Miller Joonas Lyytinen 15 1 2 2
4 Matt Roy Kurtis Macdermid 10 2 2 1
PowerPlay Forward
Center Left Wing Right Wing Time % Phy DF OF
1 Brayden Point Nick Ritchie Travis Konecny 60 0 1 4
2 Anthony Cirelli Zachary Sanford Tom Wilson 40 0 1 4
PowerPlay Defense
Defense Defense Time % Phy DF OF
1 Neal Pionk Zach Werenski 60 0 2 3
2 Collin Miller Olli Maatta 40 0 2 3
Penalty Kill 4 Players Forward
Center Wing Time % Phy DF OF
1 Anthony Cirelli Jacob De La Rose 60 1 3 1
2 Tim Schaller Joel Eriksson Ek 40 1 3 1
Penalty Kill 4 Players Defense
Defense Defense Time % Phy DF OF
1 Olli Maatta Collin Miller 60 1 3 1
2 Seth Helgeson Joonas Lyytinen 40 1 3 1
Penalty Kill - 3 Players Forward
Forward Time % Phy DF OF
1 Jacob De La Rose 60 1 3 1
2 Anthony Cirelli 40 1 3 1
Penalty Kill - 3 Players Defense
Defense Defense Time % Phy DF OF
1 Collin Miller Olli Maatta 60 1 3 1
2 Joonas Lyytinen Seth Helgeson 40 1 3 1
4 vs 4 Forward
Center Wing Time % Phy DF OF
1 Tim Schaller Brayden Point 60 1 2 2
2 Tom Wilson Travis Konecny 40 1 2 2
4 vs 4 Defense
Defense Defense Time % Phy DF OF
1 Olli Maatta Zach Werenski 60 1 2 2
2 Seth Helgeson Neal Pionk 40 1 2 2
Last Minutes Offensive
Center Left Wing Right Wing Defense Defense
Stefan Matteau Tim Schaller Travis Konecny Neal Pionk Zach Werenski
Last Minutes Defensive
Center Left Wing Right Wing Defense Defense
Anthony Cirelli Jacob De La Rose Tom Wilson Olli Maatta Zach Werenski
Goaltenders
Starting : Jake Allen
Backup : Alexandar Georgiev
Extra Forwards
Normal : Frank Vatrano, Travis Konecny, Tom Wilson - PP : Frank Vatrano, Stefan Matteau - PK : Frank Vatrano
Extra Defensemen
Normal : Zach Werenski, Neal Pionk, Olli Maatta - PP : Collin Miller - PK : Zach Werenski, Neal Pionk
Penalty Shots
Brayden Point, Travis Konecny, Zachary Sanford, Tim Schaller, Olli Maatta
Scratches
Jacob Josefson (Healthy), Kyle Connor (Left Forearm Injury), Jordan Greenway (Healthy), Dennis Gilbert (Healthy), Zack MacEwen (Healthy)
Bokondji Imama (Healthy), Derek Forbort (Healthy), Josh Anderson (Healthy), Ryan Pulock (Torso Injury), Gustav Forsling (Healthy)
Austin Wuthrich (Healthy), Eamon McAdam (Healthy)
Influenza
5 vs 5 Forward
Center Left Wing Right Wing Time % Phy DF OF
1 Bo Horvat Max Domi Iiro Pakarinen 40 1 2 2
2 Pavel Zacha JT Compher Brock Boeser 30 1 2 2
3 Colton Sissons Lucas Lessio Justin Bailey 20 1 2 2
4 Shane Prince Ryan Dzingel Tom Kuhnhackl 10 1 2 2
5 vs 5 Defense
Defense Defense Time % Phy DF OF
1 Markus Nutivaara Tim Erixon 40 1 2 2
2 Dmitry Sinitsyn Luca Sbisa 30 1 2 2
3 Noah Hanifin Roland McKeown 20 1 2 2
4 Tim Erixon Luca Sbisa 10 1 2 2
PowerPlay Forward
Center Left Wing Right Wing Time % Phy DF OF
1 Bo Horvat Max Domi Justin Bailey 60 1 2 2
2 Pavel Zacha JT Compher Iiro Pakarinen 40 1 2 2
PowerPlay Defense
Defense Defense Time % Phy DF OF
1 Tim Erixon Luca Sbisa 60 1 2 2
2 Dmitry Sinitsyn Noah Hanifin 40 1 2 2
Penalty Kill 4 Players Forward
Center Wing Time % Phy DF OF
1 Colton Sissons Ryan Dzingel 60 1 2 2
2 Bo Horvat Lucas Lessio 40 1 2 2
Penalty Kill 4 Players Defense
Defense Defense Time % Phy DF OF
1 Tim Erixon Dmitry Sinitsyn 60 1 2 2
2 Roland McKeown Luca Sbisa 40 1 2 2
Penalty Kill - 3 Players Forward
Forward Time % Phy DF OF
1 Colton Sissons 60 1 2 2
2 Bo Horvat 40 1 2 2
Penalty Kill - 3 Players Defense
Defense Defense Time % Phy DF OF
1 Tim Erixon Dmitry Sinitsyn 60 1 2 2
2 Roland McKeown Luca Sbisa 40 1 2 2
4 vs 4 Forward
Center Wing Time % Phy DF OF
1 Bo Horvat Max Domi 60 1 2 2
2 Colton Sissons Iiro Pakarinen 40 1 2 2
4 vs 4 Defense
Defense Defense Time % Phy DF OF
1 Tim Erixon Dmitry Sinitsyn 60 1 2 2
2 Markus Nutivaara Noah Hanifin 40 1 2 2
Last Minutes Offensive
Center Left Wing Right Wing Defense Defense
Bo Horvat Max Domi Iiro Pakarinen Tim Erixon Luca Sbisa
Last Minutes Defensive
Center Left Wing Right Wing Defense Defense
Bo Horvat Max Domi Iiro Pakarinen Tim Erixon Dmitry Sinitsyn
Goaltenders
Starting : Malcolm Subban
Backup : Charlie Lindgren
Extra Forwards
Normal : Pavel Zacha, Iiro Pakarinen, Justin Bailey - PP : Iiro Pakarinen, Colton Sissons - PK : Iiro Pakarinen
Extra Defensemen
Normal : Markus Nutivaara, Noah Hanifin, Roland McKeown - PP : Markus Nutivaara - PK : Noah Hanifin, Roland McKeown
Penalty Shots
Bo Horvat, Colton Sissons, Ryan Dzingel, Tom Kuhnhackl, Max Domi
Scratches
Jeff Corbett (Healthy), Aleksi Saarela (Healthy), Henri Ikonen (Healthy), Johan Larsson (Healthy), Jakob Forsbacka-Karlsson (Healthy)
Blake Lizotte (Healthy), Radovan Bondra (Healthy), Simon Bourque (Healthy), Mitchell Moroz (Healthy), Jesse Graham (Healthy)
Jake Walman (Healthy), Conner Bleackley (Healthy), Brycen Martin (Healthy), Jaden Lindo (Healthy), Jamie Phillips (Healthy)
% Time on Ice - Monarchs
Lines # - Real PCT - Wanted PCT - Time Play
Normal Forward
1 - 30% - 30% - 14:46
2 - 28% - 30% - 13:51
3 - 23% - 25% - 11:15
4 - 19% - 15% - 9:21
Normal Defense
1 - 38% - 40% - 18:32
2 - 32% - 35% - 15:54
3 - 13% - 15% - 6:26
4 - 17% - 10% - 8:21
PP Forward
1 - 51% - 60% - 3:22
2 - 49% - 40% - 3:11
PP Defense
1 - 67% - 60% - 4:24
2 - 33% - 40% - 2:09
PK Forward
1 - 100% - 60% - 4:14
2 - 0% - 40% - 0:00
PK Defense
1 - 64% - 60% - 2:42
2 - 36% - 40% - 1:32
PK3 Forward
1 - 0% - 60%
2 - 0% - 40%
PK3 Defense
1 - 0% - 60%
2 - 0% - 40%
44 Forward
1 - 0% - 60%
2 - 0% - 40%
44 Defense
1 - 0% - 60%
2 - 0% - 40%
Last Minute Offensive - 0:00
Last Minute Defensive - 0:00
Total
Forward - 60:00
Defense - 60:00
|
% Time on Ice - Influenza
Lines # - Real PCT - Wanted PCT - Time Play
Normal Forward
1 - 36% - 40% - 17:32
2 - 28% - 30% - 13:47
3 - 22% - 20% - 10:39
4 - 15% - 10% - 7:15
Normal Defense
1 - 40% - 40% - 19:31
2 - 32% - 30% - 15:52
3 - 22% - 20% - 10:43
4 - 6% - 10% - 3:07
PP Forward
1 - 57% - 60% - 2:24
2 - 43% - 40% - 1:50
PP Defense
1 - 54% - 60% - 2:16
2 - 46% - 40% - 1:58
PK Forward
1 - 81% - 60% - 4:10
2 - 19% - 40% - 1:00
PK Defense
1 - 65% - 60% - 3:20
2 - 35% - 40% - 1:50
PK3 Forward
1 - 72% - 60% - 1:00
2 - 28% - 40% - 0:23
PK3 Defense
1 - 58% - 60% - 0:48
2 - 42% - 40% - 0:35
44 Forward
1 - 0% - 60%
2 - 0% - 40%
44 Defense
1 - 0% - 60%
2 - 0% - 40%
Last Minute Offensive - 0:00
Last Minute Defensive - 0:00
Total
Forward - 60:00
Defense - 60:00
|
Play-by-Play
1st period
0:01 of 1st period - Bo Horvat wins face-off versus Anthony Cirelli in neutral zone.
0:10 of 1st period - Wrist shot by Bo Horvat.
0:10 of 1st period - Stopped by Jake Allen with a rebound.
0:12 of 1st period - Slapshot by Tim Erixon.
0:12 of 1st period - Shot Blocked by Olli Maatta.
0:26 of 1st period - JT Compher is hit by Olli Maatta and loses puck.
0:35 of 1st period - Snap shot by Brock Boeser.
0:35 of 1st period - Goal by Brock Boeser - Monarchs : 0 - Influenza : 1.
0:36 of 1st period - Brayden Point wins face-off versus Colton Sissons in neutral zone.
1:02 of 1st period - Ryan Dzingel is hit by Nicholas Baptiste and loses puck.
2:03 of 1st period - Slapshot by Colton Sissons.
2:03 of 1st period - Shot Misses the Net.
2:05 of 1st period - Snap shot by Colton Sissons.
2:05 of 1st period - Goal by Colton Sissons - Monarchs : 0 - Influenza : 2.
2:06 of 1st period - Stefan Matteau wins face-off versus Bo Horvat in neutral zone.
2:30 of 1st period - Icing by Bo Horvat.
2:31 of 1st period - Pavel Zacha wins face-off versus Frank Vatrano in Influenza zone.
3:18 of 1st period - Jacob De La Rose is hit by Markus Nutivaara and loses puck.
3:41 of 1st period - Seth Helgeson is hit by Tom Kuhnhackl and loses puck.
3:56 of 1st period - Brock Boeser is hit by Brayden Point and loses puck.
4:21 of 1st period - Snap shot by Brayden Point.
4:21 of 1st period - Shot Blocked by Noah Hanifin.
4:29 of 1st period - Slapshot by Lucas Lessio.
4:29 of 1st period - Shot Blocked by Tom Wilson.
4:31 of 1st period - Slapshot by Roland McKeown.
4:31 of 1st period - Stopped by Jake Allen without a rebound.
4:32 of 1st period - Stefan Matteau wins face-off versus Bo Horvat in Monarchs zone.
4:41 of 1st period - Slapshot by Travis Konecny.
4:41 of 1st period - Stopped by Malcolm Subban without a rebound.
4:42 of 1st period - Stefan Matteau wins face-off versus Bo Horvat in Influenza zone.
5:33 of 1st period - Wrist shot by Max Domi.
5:33 of 1st period - Shot Blocked by Travis Konecny.
5:49 of 1st period - Dmitry Sinitsyn is hit by Stefan Matteau and loses puck.
6:18 of 1st period - Slapshot by Nick Ritchie.
6:18 of 1st period - Goal by Nick Ritchie - Monarchs : 1 - Influenza : 2.
6:19 of 1st period - Pavel Zacha wins face-off versus Anthony Cirelli in neutral zone.
7:31 of 1st period - Snap shot by JT Compher.
7:31 of 1st period - Shot Blocked by Tim Schaller.
7:33 of 1st period - Slapshot by Roland McKeown.
7:33 of 1st period - Deflect By Tom Wilson.
7:33 of 1st period - Stopped by Jake Allen without a rebound.
7:34 of 1st period - Brayden Point wins face-off versus Colton Sissons in Monarchs zone.
7:59 of 1st period - Tim Schaller is hit by Shane Prince and loses puck.
8:04 of 1st period - Slapshot by Shane Prince.
8:04 of 1st period - Shot Misses the Net.
8:22 of 1st period - Snap shot by Jacob De La Rose.
8:22 of 1st period - Deflect By Nicholas Baptiste.
8:22 of 1st period - Shot Misses the Net.
8:22 of 1st period - Puck is out of play.
8:23 of 1st period - Bo Horvat wins face-off versus Joel Eriksson Ek in Influenza zone.
8:56 of 1st period - Off-side.
8:57 of 1st period - Colton Sissons wins face-off versus Zachary Sanford in neutral zone.
8:59 of 1st period - Off-side.
9:00 of 1st period - Anthony Cirelli wins face-off versus Colton Sissons in neutral zone.
9:44 of 1st period - Off-side.
9:45 of 1st period - Joel Eriksson Ek wins face-off versus Bo Horvat in neutral zone.
10:11 of 1st period - Snap shot by Tim Schaller.
10:11 of 1st period - Stopped by Malcolm Subban with a rebound.
10:13 of 1st period - Wrist shot by Tom Wilson.
10:13 of 1st period - Shot Misses the Net.
10:15 of 1st period - Snap shot by Tom Wilson.
10:15 of 1st period - Stopped by Malcolm Subban without a rebound.
10:16 of 1st period - Pavel Zacha wins face-off versus Anthony Cirelli in Influenza zone.
10:28 of 1st period - Anthony Cirelli is hit by Tim Erixon and loses puck.
10:43 of 1st period - Tim Erixon is hit by Zachary Sanford and loses puck.
10:50 of 1st period - Slapshot by Justin Bailey.
10:50 of 1st period - Deflect By Colton Sissons.
10:50 of 1st period - Stopped by Jake Allen with a rebound.
11:08 of 1st period - Wrist shot by Nick Ritchie.
11:08 of 1st period - Stopped by Malcolm Subban with a rebound.
11:33 of 1st period - Wrist shot by Iiro Pakarinen.
11:33 of 1st period - Stopped by Jake Allen without a rebound.
11:34 of 1st period - Anthony Cirelli wins face-off versus Pavel Zacha in Monarchs zone.
11:59 of 1st period - Zachary Sanford is hit by Max Domi and loses puck.
12:26 of 1st period - Nick Ritchie is hit by Tom Kuhnhackl and loses puck.
13:55 of 1st period - Wrist shot by Stefan Matteau.
13:55 of 1st period - Stopped by Malcolm Subban with a rebound.
14:13 of 1st period - Wrist shot by Nicholas Baptiste.
14:13 of 1st period - Stopped by Malcolm Subban without a rebound.
14:14 of 1st period - Bo Horvat wins face-off versus Anthony Cirelli in Influenza zone.
14:52 of 1st period - Dmitry Sinitsyn is hit by Neal Pionk and loses puck.
15:03 of 1st period - Zach Werenski is hit by Justin Bailey and loses puck.
15:20 of 1st period - Minor Penalty to Zachary Sanford for Hooking.
15:21 of 1st period - Bo Horvat wins face-off versus Anthony Cirelli in Monarchs zone.
15:30 of 1st period - Snap shot by Bo Horvat.
15:30 of 1st period - Stopped by Jake Allen with a rebound.
15:32 of 1st period - Wrist shot by Tim Erixon.
15:32 of 1st period - Shot Misses the Net.
15:34 of 1st period - Snap shot by Bo Horvat.
15:34 of 1st period - Shot Misses the Net.
15:36 of 1st period - Snap shot by Bo Horvat.
15:36 of 1st period - Goal by Bo Horvat - Monarchs : 1 - Influenza : 3.
15:37 of 1st period - Anthony Cirelli wins face-off versus Bo Horvat in neutral zone.
15:46 of 1st period - Slapshot by Bo Horvat.
15:46 of 1st period - Shot Blocked by Zach Werenski.
15:48 of 1st period - Snap shot by Bo Horvat.
15:48 of 1st period - Stopped by Jake Allen without a rebound.
15:49 of 1st period - Anthony Cirelli wins face-off versus Bo Horvat in Monarchs zone.
15:49 of 1st period - Anthony Cirelli is hit by Bo Horvat.
15:57 of 1st period - Snap shot by Tim Schaller.
15:57 of 1st period - Stopped by Malcolm Subban without a rebound.
15:58 of 1st period - Bo Horvat wins face-off versus Anthony Cirelli in Influenza zone.
15:58 of 1st period - Bo Horvat is hit by Tim Schaller.
16:52 of 1st period - Wrist shot by Zach Werenski.
16:52 of 1st period - Stopped by Malcolm Subban with a rebound.
16:54 of 1st period - Backhand shot by Anthony Cirelli.
16:54 of 1st period - Stopped by Malcolm Subban with a rebound.
17:00 of 1st period - Wrist shot by Tim Schaller.
17:00 of 1st period - Stopped by Malcolm Subban with a rebound.
17:06 of 1st period - Wrist shot by Tom Wilson.
17:06 of 1st period - Stopped by Malcolm Subban without a rebound.
17:07 of 1st period - Pavel Zacha wins face-off versus Stefan Matteau in Influenza zone.
17:32 of 1st period - Snap shot by Zachary Sanford.
17:32 of 1st period - Shot Misses the Net.
18:17 of 1st period - Seth Helgeson is hit by Brock Boeser and loses puck.
18:24 of 1st period - Luca Sbisa is hit by Stefan Matteau and loses puck.
19:33 of 1st period - Snap shot by Colton Sissons.
19:33 of 1st period - Shot Misses the Net.
19:35 of 1st period - Snap shot by Colton Sissons.
19:35 of 1st period - Stopped by Jake Allen with a rebound.
19:47 of 1st period - Wrist shot by Bo Horvat.
19:47 of 1st period - Shot Blocked by Seth Helgeson.
19:49 of 1st period - Slapshot by Iiro Pakarinen.
19:49 of 1st period - Shot Misses the Net.
Goals for this period are 1 for Monarchs vs 3 for Influenza.
Shots for this period are 12 for Monarchs vs 11 for Influenza.
2nd period
0:01 of 2nd period - Pavel Zacha wins face-off versus Stefan Matteau in neutral zone.
0:10 of 2nd period - Snap shot by JT Compher.
0:10 of 2nd period - Deflect By Olli Maatta.
0:10 of 2nd period - Stopped by Jake Allen with a rebound.
0:33 of 2nd period - Wrist shot by Zachary Sanford.
0:33 of 2nd period - Shot Misses the Net.
1:09 of 2nd period - Wrist shot by Nicholas Baptiste.
1:09 of 2nd period - Shot Misses the Net.
1:17 of 2nd period - Wrist shot by Nicholas Baptiste.
1:17 of 2nd period - Shot Blocked by Dmitry Sinitsyn.
1:53 of 2nd period - Snap shot by Justin Bailey.
1:53 of 2nd period - Deflect By Lucas Lessio.
1:53 of 2nd period - Shot Misses the Net.
1:53 of 2nd period - Puck is out of play.
1:54 of 2nd period - Iiro Pakarinen wins face-off versus Anthony Cirelli in Monarchs zone.
2:01 of 2nd period - Wrist shot by Iiro Pakarinen.
2:01 of 2nd period - Shot Misses the Net.
2:03 of 2nd period - Slapshot by Markus Nutivaara.
2:03 of 2nd period - Shot Misses the Net.
2:05 of 2nd period - Backhand shot by Tim Erixon.
2:05 of 2nd period - Stopped by Jake Allen without a rebound.
2:06 of 2nd period - Stefan Matteau wins face-off versus Pavel Zacha in Monarchs zone.
2:13 of 2nd period - Wrist shot by Stefan Matteau.
2:13 of 2nd period - Shot Misses the Net.
2:21 of 2nd period - Wrist shot by Nick Ritchie.
2:21 of 2nd period - Stopped by Malcolm Subban with a rebound.
2:53 of 2nd period - Max Domi is hit by Zachary Sanford and loses puck.
3:28 of 2nd period - Snap shot by Bo Horvat.
3:28 of 2nd period - Shot Blocked by Nicholas Baptiste.
3:30 of 2nd period - Slapshot by Roland McKeown.
3:30 of 2nd period - Stopped by Jake Allen with a rebound.
3:32 of 2nd period - Slapshot by Roland McKeown.
3:32 of 2nd period - Deflect By Iiro Pakarinen.
3:32 of 2nd period - Shot Misses the Net.
3:32 of 2nd period - Puck is out of play.
3:33 of 2nd period - Jacob De La Rose wins face-off versus Colton Sissons in Monarchs zone.
4:22 of 2nd period - Backhand shot by JT Compher.
4:22 of 2nd period - Shot Misses the Net.
4:24 of 2nd period - Wrist shot by Tim Erixon.
4:24 of 2nd period - Deflect By Neal Pionk.
4:24 of 2nd period - Stopped by Jake Allen without a rebound.
4:25 of 2nd period - Pavel Zacha wins face-off versus Anthony Cirelli in Monarchs zone.
4:43 of 2nd period - Tim Schaller is hit by JT Compher and loses puck.
4:50 of 2nd period - Markus Nutivaara is hit by Tim Schaller and loses puck.
5:34 of 2nd period - Snap shot by Brock Boeser.
5:34 of 2nd period - Stopped by Jake Allen without a rebound.
5:35 of 2nd period - Stefan Matteau wins face-off versus Bo Horvat in Monarchs zone.
6:00 of 2nd period - Zachary Sanford is hit by Lucas Lessio and loses puck.
6:25 of 2nd period - Neal Pionk is hit by Roland McKeown and loses puck.
7:34 of 2nd period - Tom Wilson is hit by Luca Sbisa and loses puck.
8:03 of 2nd period - Minor Penalty to Lucas Lessio for Hooking.
8:04 of 2nd period - Brayden Point wins face-off versus Colton Sissons in Influenza zone.
8:33 of 2nd period - Snap shot by Zachary Sanford.
8:33 of 2nd period - Shot Misses the Net.
8:35 of 2nd period - Backhand shot by Zach Werenski.
8:35 of 2nd period - Shot Blocked by Colton Sissons.
8:53 of 2nd period - Luca Sbisa is hit by Olli Maatta and loses puck.
9:44 of 2nd period - Travis Konecny is hit by Colton Sissons and loses puck.
10:03 of 2nd period - Penalty to Lucas Lessio is over, Lucas Lessio is back on ice.
10:12 of 2nd period - Jacob De La Rose is hit by Brock Boeser and loses puck.
10:50 of 2nd period - Minor Penalty to Markus Nutivaara for Roughing.
10:51 of 2nd period - Colton Sissons wins face-off versus Brayden Point in Influenza zone.
10:51 of 2nd period - Colton Sissons is hit by Brayden Point.
11:26 of 2nd period - Minor Penalty to Dmitry Sinitsyn for Holding.
11:27 of 2nd period - Brayden Point wins face-off versus Colton Sissons in Influenza zone.
11:32 of 2nd period - Wrist shot by Travis Konecny.
11:32 of 2nd period - Shot Misses the Net.
12:50 of 2nd period - Penalty to Markus Nutivaara is over, Markus Nutivaara is back on ice.
13:03 of 2nd period - Zach Werenski is hit by Markus Nutivaara and loses puck.
13:26 of 2nd period - Penalty to Dmitry Sinitsyn is over, Dmitry Sinitsyn is back on ice.
13:30 of 2nd period - Frank Vatrano is hit by Brock Boeser and loses puck.
13:35 of 2nd period - Wrist shot by Brock Boeser.
13:35 of 2nd period - Shot Misses the Net.
13:49 of 2nd period - Nicholas Baptiste is hit by Max Domi and loses puck.
14:15 of 2nd period - Anthony Cirelli is hit by Tom Kuhnhackl and loses puck.
14:16 of 2nd period - Anthony Cirelli from Monarchs is injured at 14:16 of 2nd period (Head).
14:17 of 2nd period - Bo Horvat wins face-off versus Stefan Matteau in Monarchs zone.
14:31 of 2nd period - Zach Werenski is hit by Max Domi and loses puck.
15:47 of 2nd period - Off-side.
15:48 of 2nd period - Pavel Zacha wins face-off versus Brayden Point in neutral zone.
16:23 of 2nd period - Snap shot by Iiro Pakarinen.
16:23 of 2nd period - Shot Misses the Net.
16:33 of 2nd period - Snap shot by Justin Bailey.
16:33 of 2nd period - Stopped by Jake Allen with a rebound.
16:55 of 2nd period - Snap shot by Neal Pionk.
16:55 of 2nd period - Shot Misses the Net.
16:57 of 2nd period - Wrist shot by Joel Eriksson Ek.
16:57 of 2nd period - Stopped by Malcolm Subban with a rebound.
16:59 of 2nd period - Snap shot by Joel Eriksson Ek.
16:59 of 2nd period - Stopped by Malcolm Subban with a rebound.
17:09 of 2nd period - Snap shot by Tom Kuhnhackl.
17:09 of 2nd period - Shot Blocked by Joonas Lyytinen.
17:11 of 2nd period - Snap shot by JT Compher.
17:11 of 2nd period - Shot Misses the Net.
17:17 of 2nd period - Wrist shot by Pavel Zacha.
17:17 of 2nd period - Deflect By Brock Boeser.
17:17 of 2nd period - Deflect By Collin Miller.
17:17 of 2nd period - Stopped by Jake Allen without a rebound.
17:18 of 2nd period - Stefan Matteau wins face-off versus Bo Horvat in Monarchs zone.
17:25 of 2nd period - Slapshot by Markus Nutivaara.
17:25 of 2nd period - Stopped by Jake Allen without a rebound.
17:26 of 2nd period - Bo Horvat wins face-off versus Stefan Matteau in Monarchs zone.
18:01 of 2nd period - Snap shot by Zachary Sanford.
18:01 of 2nd period - Stopped by Malcolm Subban without a rebound.
18:02 of 2nd period - Pavel Zacha wins face-off versus Stefan Matteau in Influenza zone.
18:35 of 2nd period - Minor Penalty to Luca Sbisa for Tripping.
18:36 of 2nd period - Frank Vatrano wins face-off versus Ryan Dzingel in Influenza zone.
19:06 of 2nd period - Snap shot by Zach Werenski.
19:06 of 2nd period - Shot Misses the Net.
19:26 of 2nd period - Snap shot by Zachary Sanford.
19:26 of 2nd period - Shot Misses the Net.
19:28 of 2nd period - Snap shot by Zachary Sanford.
19:28 of 2nd period - Shot Misses the Net.
Goals for this period are 0 for Monarchs vs 0 for Influenza.
Shots for this period are 4 for Monarchs vs 8 for Influenza.
3rd period
0:01 of 3rd period - Nick Ritchie wins face-off versus Colton Sissons in neutral zone.
0:10 of 3rd period - Slapshot by Travis Konecny.
0:10 of 3rd period - Shot Misses the Net.
0:12 of 3rd period - Slapshot by Zach Werenski.
0:12 of 3rd period - Shot Blocked by Tim Erixon.
0:14 of 3rd period - Slapshot by Neal Pionk.
0:14 of 3rd period - Shot Blocked by Colton Sissons.
0:16 of 3rd period - Wrist shot by Brayden Point.
0:16 of 3rd period - Deflect By Nick Ritchie.
0:16 of 3rd period - Shot Misses the Net.
0:16 of 3rd period - Puck is out of play.
0:17 of 3rd period - Frank Vatrano wins face-off versus Ryan Dzingel in Influenza zone.
0:35 of 3rd period - Penalty to Luca Sbisa is over, Luca Sbisa is back on ice.
1:02 of 3rd period - Snap shot by Nicholas Baptiste.
1:02 of 3rd period - Stopped by Malcolm Subban with a rebound.
1:04 of 3rd period - Slapshot by Collin Miller.
1:04 of 3rd period - Deflect By Jacob De La Rose.
1:04 of 3rd period - Stopped by Malcolm Subban without a rebound.
1:05 of 3rd period - Joel Eriksson Ek wins face-off versus Pavel Zacha in Influenza zone.
1:10 of 3rd period - Snap shot by Joel Eriksson Ek.
1:10 of 3rd period - Stopped by Malcolm Subban without a rebound.
1:11 of 3rd period - Frank Vatrano wins face-off versus Bo Horvat in Influenza zone.
1:18 of 3rd period - Wrist shot by Tim Schaller.
1:18 of 3rd period - Stopped by Malcolm Subban without a rebound.
1:19 of 3rd period - Bo Horvat wins face-off versus Frank Vatrano in Influenza zone.
1:37 of 3rd period - Minor Penalty to Tom Wilson for Hooking.
1:38 of 3rd period - Justin Bailey wins face-off versus Jacob De La Rose in Monarchs zone.
1:44 of 3rd period - Wrist shot by Max Domi.
1:44 of 3rd period - Stopped by Jake Allen without a rebound.
1:45 of 3rd period - Frank Vatrano wins face-off versus Bo Horvat in Monarchs zone.
3:03 of 3rd period - Joonas Lyytinen is hit by Pavel Zacha and loses puck.
3:37 of 3rd period - Penalty to Tom Wilson is over, Tom Wilson is back on ice.
3:46 of 3rd period - Frank Vatrano is hit by Ryan Dzingel and loses puck.
5:30 of 3rd period - Dmitry Sinitsyn is hit by Nicholas Baptiste and loses puck.
5:47 of 3rd period - Travis Konecny is hit by Dmitry Sinitsyn and loses puck.
5:58 of 3rd period - Snap shot by Tom Kuhnhackl.
5:58 of 3rd period - Shot Misses the Net.
6:25 of 3rd period - Wrist shot by Colton Sissons.
6:25 of 3rd period - Shot Blocked by Joonas Lyytinen.
7:18 of 3rd period - Nick Ritchie is hit by Roland McKeown and loses puck.
8:26 of 3rd period - Ryan Dzingel is hit by Olli Maatta.
10:17 of 3rd period - Zach Werenski is hit by Luca Sbisa and loses puck.
11:09 of 3rd period - Slapshot by Justin Bailey.
11:09 of 3rd period - Shot Blocked by Kurtis Macdermid.
11:11 of 3rd period - Snap shot by Colton Sissons.
11:11 of 3rd period - Stopped by Jake Allen with a rebound.
11:13 of 3rd period - Slapshot by Lucas Lessio.
11:13 of 3rd period - Stopped by Jake Allen with a rebound.
11:15 of 3rd period - Snap shot by Lucas Lessio.
11:15 of 3rd period - Shot Misses the Net.
11:27 of 3rd period - Snap shot by Zachary Sanford.
11:27 of 3rd period - Stopped by Malcolm Subban with a rebound.
11:29 of 3rd period - Wrist shot by Travis Konecny.
11:29 of 3rd period - Deflect By Joel Eriksson Ek.
11:29 of 3rd period - Shot Blocked by Markus Nutivaara.
11:29 of 3rd period - Puck is out of play.
11:30 of 3rd period - Bo Horvat wins face-off versus Joel Eriksson Ek in Influenza zone.
11:30 of 3rd period - Bo Horvat is hit by Travis Konecny.
11:41 of 3rd period - Off-side.
11:42 of 3rd period - Bo Horvat wins face-off versus Stefan Matteau in neutral zone.
11:51 of 3rd period - Snap shot by Iiro Pakarinen.
11:51 of 3rd period - Stopped by Jake Allen without a rebound.
11:52 of 3rd period - Stefan Matteau wins face-off versus Max Domi in Monarchs zone.
12:16 of 3rd period - Icing by Zach Werenski.
12:17 of 3rd period - Pavel Zacha wins face-off versus Stefan Matteau in Monarchs zone.
12:46 of 3rd period - Slapshot by Tom Wilson.
12:46 of 3rd period - Shot Misses the Net.
13:10 of 3rd period - Snap shot by Bo Horvat.
13:10 of 3rd period - Stopped by Jake Allen without a rebound.
13:11 of 3rd period - Brayden Point wins face-off versus Bo Horvat in Monarchs zone.
13:11 of 3rd period - Brayden Point is hit by Iiro Pakarinen.
13:23 of 3rd period - Slapshot by Neal Pionk.
13:23 of 3rd period - Stopped by Malcolm Subban with a rebound.
13:25 of 3rd period - Slapshot by Brayden Point.
13:25 of 3rd period - Shot Misses the Net.
13:35 of 3rd period - Travis Konecny is hit by Pavel Zacha.
13:38 of 3rd period - Off-side.
13:39 of 3rd period - Pavel Zacha wins face-off versus Travis Konecny in neutral zone.
13:58 of 3rd period - Slapshot by JT Compher.
13:58 of 3rd period - Shot Hit the Post.
14:10 of 3rd period - Slapshot by Tom Wilson.
14:10 of 3rd period - Stopped by Malcolm Subban with a rebound.
14:12 of 3rd period - Slapshot by Zach Werenski.
14:12 of 3rd period - Stopped by Malcolm Subban without a rebound.
14:13 of 3rd period - Brayden Point wins face-off versus Bo Horvat in Influenza zone.
14:34 of 3rd period - Dmitry Sinitsyn is hit by Frank Vatrano and loses puck.
14:57 of 3rd period - Snap shot by Iiro Pakarinen.
14:57 of 3rd period - Goal by Iiro Pakarinen - Monarchs : 1 - Influenza : 4.
14:58 of 3rd period - Pavel Zacha wins face-off versus Stefan Matteau in neutral zone.
15:07 of 3rd period - Slapshot by Markus Nutivaara.
15:07 of 3rd period - Shot Blocked by Zach Werenski.
15:14 of 3rd period - Slapshot by Markus Nutivaara.
15:14 of 3rd period - Shot Misses the Net.
15:24 of 3rd period - Tim Erixon is hit by Olli Maatta.
15:32 of 3rd period - Snap shot by Tim Schaller.
15:32 of 3rd period - Shot Misses the Net.
15:34 of 3rd period - Wrist shot by Tom Wilson.
15:34 of 3rd period - Goal by Tom Wilson - Monarchs : 2 - Influenza : 4.
15:35 of 3rd period - Colton Sissons wins face-off versus Zachary Sanford in neutral zone.
15:50 of 3rd period - Snap shot by Colton Sissons.
15:50 of 3rd period - Deflect By Lucas Lessio.
15:50 of 3rd period - Shot Misses the Net.
15:50 of 3rd period - Puck is out of play.
15:51 of 3rd period - Bo Horvat wins face-off versus Frank Vatrano in Monarchs zone.
16:51 of 3rd period - Minor Penalty to Nicholas Baptiste for Hooking.
16:52 of 3rd period - Frank Vatrano wins face-off versus Bo Horvat in Monarchs zone.
17:36 of 3rd period - Snap shot by Tim Schaller.
17:36 of 3rd period - Shot Blocked by Pavel Zacha.
18:51 of 3rd period - Penalty to Nicholas Baptiste is over, Nicholas Baptiste is back on ice.
19:05 of 3rd period - Off-side.
19:06 of 3rd period - Iiro Pakarinen wins face-off versus Frank Vatrano in neutral zone.
19:29 of 3rd period - Pavel Zacha is hit by Matt Roy and loses puck.
19:36 of 3rd period - Pavel Zacha is hit by Zachary Sanford and loses puck.
19:47 of 3rd period - Frank Vatrano is hit by Luca Sbisa and loses puck.
Goals for this period are 1 for Monarchs vs 1 for Influenza.
Shots for this period are 9 for Monarchs vs 6 for Influenza.